 Dungeon Crawl Stone Soup version 0.25-a0-614-g73ad250637 (webtiles) character file.

Game seed: 15983107155418608948, levelgen mode: deterministic

248 n0claF the Ruffian (level 5, 0/53 HPs)
             Began as a Troll Monk on Mar 17, 2020.
             Slain by a hound (4 damage)
             ... on level 4 of the Dungeon.
             The game lasted 00:03:23 (1601 turns).

n0claF the Ruffian (Troll Monk)                     Turns: 1601, Time: 00:03:23

Health: 0/53       AC:  7    Str: 20    XL:     5   Next: 86%
Magic:  4/4        EV: 11    Int:  6    God:
Gold:   98         SH:  0    Dex: 12    Spells: 4/4 levels left

rFire    . . .     SeeInvis .   o - +3 quarterstaff (chaos)
rCold    . . .     Gourm    +   (shield currently unavailable)
rNeg     . . .     Faith    .   a - +0 robe
rPois    +         Spirit   .   (helmet restricted)
rElec    .         Reflect  .   b - +0 cloak (curse)
rCorr    .         Harm     .   (gloves unavailable)
MR       .....                  (boots unavailable)
Stlth    ++........             (no amulet)
HPRegen  0.57/turn              n - ring of poison resistance
MPRegen  0.09/turn              (no ring)

@: no status effects
A: large, unfitting armour, claws 3, fast metabolism 3, gourmand, regeneration
1, shaggy fur 1, tough skin 3
a: no special abilities


You were on level 4 of the Dungeon.
You were completely stuffed.

You visited 1 branch of the dungeon, and saw 5 of its levels.

You collected 98 gold pieces.

Inventory:

Hand Weapons
 o - a +3 quarterstaff of chaos (weapon)
   (You took it off Crazy Yiuf on level 2 of the Dungeon)
Armour
 a - a +0 robe (worn)
 b - a cursed +0 cloak (worn)
   (You took it off Crazy Yiuf on level 2 of the Dungeon)
Jewellery
 d - an uncursed ring of fire
   (You found it on level 1 of the Dungeon)
 h - an uncursed amulet of the gourmand {unknown}
   (You found it on level 1 of the Dungeon)
 n - a ring of poison resistance (left claw)
   (You found it on level 2 of the Dungeon)
Wands
 x - a wand of acid (10)
   (You found it on level 3 of the Dungeon)
Scrolls
 c - a scroll of blinking {unknown}
 f - a scroll of enchant armour {unknown}
 i - a scroll of amnesia {unknown}
 j - 2 scrolls of identify {unknown}
 l - a scroll of teleportation {unknown}
 p - a scroll of remove curse {unknown}
Potions
 g - a potion of heal wounds {unknown}
 k - a potion of ambrosia {unknown}
 m - a potion of brilliance {unknown}
 q - a potion of stabbing {unknown}
 r - a potion of resistance {unknown}
Comestibles
 e - 6 rations {!d}
 s - 10 chunks of flesh


   Skills:
 + Level 3.4 Fighting
 * Level 1.9 Staves
 + Level 3.4 Dodging
 - Level 1.0 Stealth
 - Level 4.4 Unarmed Combat


You had 4 spell levels left.
You didn't know any spells.
Your spell library was empty.

Dungeon Overview and Level Annotations

Branches:
Dungeon (5/15)
 Temple: D:4-7

Altars:
Xom


Innate Abilities, Weirdness & Mutations

You are too large for most types of armour.
You have claws for hands.
Your metabolism is lightning-fast.
You like to eat raw meat.
Your natural rate of healing is unusually fast.
You are covered in fur. (AC +1)
You have extremely tough skin. (AC +3)


Message History

A hound and a skeleton come into view.
Found 7 stones.
There is a stone staircase leading down here.
There are monsters nearby!
Found 10 poisoned darts.
Found a scroll labeled KUHIEG XONK.
The helpless adder skeleton fails to defend itself.
You thump the adder skeleton! You burn the adder skeleton.
The adder skeleton closely misses you.
You thump the adder skeleton!
You destroy the adder skeleton!
No target in view!
An iguana comes into view.
The iguana hisses angrily.
An iguana is nearby!
The iguana bites you!
You hit the iguana. You burn the iguana.
The iguana bites you but does no damage.
You barely miss the iguana. The iguana bites you.
You hit the iguana.
The iguana goes berserk!
The iguana closely misses you. The iguana bites you!
You sock the iguana!
The iguana seems to slow down.
You freeze the iguana. The iguana bites you. The iguana bites you!
* * * LOW HITPOINT WARNING * * *
Unknown command.
You hit the iguana but do no damage. The iguana closely misses you.
You barely miss the iguana.
A hound comes into view.
The iguana bites you!
* * * LOW HITPOINT WARNING * * *
You hit the iguana.
You feel better. The iguana bites you.
* * * LOW HITPOINT WARNING * * *
You hit the iguana. You freeze the iguana.
You kill the iguana!
You are too injured to fight recklessly!
Unknown command.
The hound bites you but does no damage.
You barely miss the hound. The hound closely misses you. The hound bites you.
* * * LOW HITPOINT WARNING * * *
You sock the hound! You freeze the hound.
The hound bites you but does no damage. The hound barely misses you.
You barely miss the hound. The hound bites you.
* * * LOW HITPOINT WARNING * * *
The hound bites you.
* * * LOW HITPOINT WARNING * * *
The hound barks!
You hit the hound. You freeze the hound.
You kill the hound!
You closely miss the hound. The hound bites you.
You die...

#... # #.(#
#.#.##..#
h......>#
#.#.....#
#####.# #
#.###.#
###.h...#
#...@...#
#.†.....#
#......(#
.........##
##.####...#
#. ##?.# #
...# ...#
#...


You could see a hound.

Vanquished Creatures
  A howler monkey (D:5)
  A hound (D:4)
  Crazy Yiuf (D:2)
  An iguana (D:4)
  Terence (D:2)
  An adder (D:2)
  3 gnolls (D:5)
  An ooze (D:5)
  An adder skeleton (D:4)
  A worm (D:2)
  A leopard gecko (D:2)
  A ball python (D:1)
  2 giant cockroaches
  A goblin (D:1)
  5 hobgoblins
  8 jackals (D:1)
  12 kobolds
  5 bats
  2 frilled lizards
  7 rats
56 creatures vanquished.

Notes
Turn   | Place    | Note
-------+----------+-------------------------------------------
     0 | D:1      | n0claF the Troll Monk began the quest for the Orb.
     0 | D:1      | Reached XP level 1. HP: 22/22 MP: 0/0
    68 | D:1      | Reached XP level 2. HP: 23/29 MP: 1/1
   126 | D:1      | Found a shimmering altar of Xom.
   508 | D:2      | Reached XP level 3. HP: 36/36 MP: 2/2
   553 | D:2      | Found a runed translucent door.
   554 | D:2      | Noticed Crazy Yiuf
  1047 | D:2      | Noticed Terence
  1050 | D:2      | Killed Terence
  1050 | D:2      | Reached skill level 4 in Unarmed Combat
  1050 | D:2      | Reached XP level 4. HP: 44/44 MP: 3/3
  1372 | D:2      | Killed Crazy Yiuf
  1482 | D:3      | Found a faded altar of an unknown god.
  1525 | D:3      | You fall into a shaft and drop 2 floors!
  1525 | D:5      | Entered Level 5 of the Dungeon
  1529 | D:5      | Reached XP level 5. HP: 51/53 MP: 4/4
  1538 | D:5      | Reached skill level 1 in Staves
  1601 | D:4      | Slain by a hound

Levels and vault maps discovered:
D:1:      ncdulo_halloftheorcs, layout_basic, minmay_hedge_maze,
          xom_teletrap_fun
D:2:      layout_loops_corners, first_ration, serial_park_tiny_1, uniq_terence,
          uniq_crazy_yiuf_cottage
D:3:      layout_loops_ring, chequers_ecumenical_altar_simple, uniq_ijyb
D:4:      layout_basic
D:5:      layout_gridville, nicolae_tso_swordbearing_angel,
          minmay_temple_entry_stoned_glass, uniq_grinder

Skill      XL: |  1  2  3  4  5 |
---------------+----------------+-----
Unarmed Combat | 4 |  4.4
Fighting       | 3 |  3.4
Dodging        | 3 |  3.4
Staves         | 1 |  1.9
Stealth        | |  1.0

Action                   |  1- 3 |  4- 6 || total
-------------------------+-------+-------++-------
Melee: Unarmed           |    95 |     7 ||   102
       Punch             |     3 |       ||     3
       Quarterstaff      |       |    45 ||    45
 Stab: Sleeping          |     1 |     1 ||     2
       Distracted        |       |     1 ||     1
  Eat: Chunk             |    15 |     5 ||    20
Armor: Robe              |    60 |    22 ||    82
Dodge: Dodged            |    67 |    37 ||   104

Table legend:
 A = Non-vault XP
 B = Vault XP
 C = Vault XP percentage of total XP
 D = Non-vault monster count
 E = Vault monster count
 F = Vault count percentage of total count
                 A         B        C        D         E       F
            +---------+---------+-------+---------+---------+-------
      Total |     279 |      76 |  21.4 |      54 |       2 |   3.6
            +---------+---------+-------+---------+---------+-------
        D:1 |      40 |       0 |   0.0 |      25 |       0 |   0.0
        D:2 |      43 |      76 |  63.9 |      16 |       2 |  11.1
        D:3 |       5 |       0 |   0.0 |       4 |       0 |   0.0
        D:4 |      89 |       0 |   0.0 |       3 |       0 |   0.0
        D:5 |     102 |       0 |   0.0 |       6 |       0 |   0.0
            +---------+---------+-------+---------+---------+-------
